 Dungeon Crawl Stone Soup version 0.29.1-2-gbd0b4ee654 (webtiles) character file.

Game seed: 10325280724767534490

422 Firos the Poker (level 6, -1/55 (56) HPs)
             Began as a Hill Orc Monk on Nov 8, 2022.
             Slain by an ogre
             ... wielding a +0 giant club
              (5 damage)
             ... on level 4 of the Dungeon.
             The game lasted 00:05:30 (3596 turns).

Firos the Poker (Hill Orc Monk)                     Turns: 3596, Time: 00:05:30

HP:   -1/55 (56)    AC:  9    Str: 16    XL:     6   Next: 95%
MP:   6/6           EV:  7    Int: 10    God:
Gold: 177           SH:  0    Dex: 13    Spells: 5/5 levels left

rFire   . . .      SeeInvis .   a - +0 spear
rCold   . . .      Faith    .   (no shield)
rNeg    . . .      Spirit   .   r - +0 chain mail
rPois   .          Reflect  .   (no helmet)
rElec   .          Harm     .   (no cloak)
rCorr   .          Rampage  .   (no gloves)
Will    .....                   (no boots)
Stlth   ..........              (no amulet)
HPRegen 0.18/turn               (no ring)
MPRegen 0.10/turn               (no ring)

@: lightly drained
A: no striking features
a: no special abilities


You were on level 4 of the Dungeon.
You visited 1 branch of the dungeon, and saw 4 of its levels.

You collected 177 gold pieces.

Inventory:

Hand Weapons
 a - a +0 spear (weapon)
Missiles
 v - 5 atropa-tipped darts (quivered)
 z - 2 throwing nets
Armour
 r - a +0 chain mail (worn)
Jewellery
 e - a +6 ring of intelligence
 i - a ring of flight
 j - a ring of protection from fire
 t - an amulet of the acrobat
Wands
 y - a wand of flame (9)
Scrolls
 c - a scroll of fog
 d - 2 scrolls of noise
Potions
 b - 3 potions of curing
 f - 2 potions of ambrosia
 h - 2 potions of mutation
 m - a potion of attraction {unknown}
 n - a potion of berserk rage {unknown}
 o - 3 potions of brilliance
 q - a potion of cancellation {unknown}
 s - a potion of heal wounds {unknown}


   Skills:
 + Level 5.4 Fighting
 * Level 6.3 Polearms
 + Level 3.5 Armour
 - Level 2.4 Dodging
 - Level 1.5 Stealth


You had 5 spell levels left.
You didn't know any spells.
Your spell library contained the following spells:

 Spells                   Type           Power      Damage    Failure   Level
 Slow                     Hex            0%         N/A       99%         1
 Sting                    Tmut/Pois      0%         1d3       99%         1
 Poisonous Vapours        Pois/Air       0%         N/A       100%        2
 Confusing Touch          Hex            0%         N/A       100%        3
 Vampiric Draining        Necr           0%         2d6       100%        3
 Olgreb's Toxic Radiance  Pois           0%         N/A       100%        4


Dungeon Overview and Level Annotations

Branches:
Dungeon (4/15)
 Temple: D:4-7

Altars:
Wu Jian

Annotations:
D:4 Grinder


Message History

You hit the worm but do no damage.
The worm is moderately wounded.
You hit the worm but do no damage.
The worm is moderately wounded.
The worm bites you.
The ogre shouts!
You hit the worm.
The worm is moderately wounded.
You barely miss the worm.
The worm is moderately wounded.
The worm bites you.
You hit the worm.
The worm is heavily wounded.
You hit the worm but do no damage.
The worm is heavily wounded.
The worm bites you.
You hit the worm. Your punch misses the worm.
The worm is severely wounded.
You hit the worm.
The worm is almost dead.
The ogre hits you with a +0 giant club. The worm closely misses you.
You barely miss the ogre. You barely miss the ogre.
The ogre hits you but does no damage. The worm barely misses you.
You hit the ogre.
The ogre is lightly wounded.
You hit the ogre.
The ogre is lightly wounded.
The ogre hits you with a +0 giant club! The worm barely misses you.
You barely miss the ogre.
The ogre is lightly wounded.
You hit the ogre but do no damage.
The ogre is lightly wounded.
The ogre hits you with a +0 giant club!!
* * * LOW HITPOINT WARNING * * *
The worm completely misses you.
Okay, then.
Unknown command.
The ogre attacks as you move away! The ogre hits you with a +0 giant club.
You die...

,,,,*,,*....#* **,.,*,,,,,***
,,,,*,,,,....* *,.#,,,,,,,,,*
,,,,**,,,,...#*#####.#**,,,,,,,*
,*,,,,,,,,*...,#.....# ***,,,,,**
***,*,,..###..,......#**,,,,**,,*
**,,.......$.,#.....,,,,,,**,,,*
**,,,.....,#..##..#**,,**,,,,,,,*
,.........**#w...## ******,,,,,,,
#.........####.O@.#*******,,,,,,,
......##...##...#......#,,,,,,,,,
...........#...#####...#,*,,,,,,,
...............# **...,*,,,,,,,
.............<## *##*..,,***,,,,
.#*#...........# *#..,,,,,**,,,,*
## #...........#*#...,,,,,,,,,,,,
#*##...........##...,,,,,,,,*,,,,
,*#.....†.........#,,,.,,,,,*,**,


You could see an ogre and a worm.

Vanquished Creatures
  Sigmund (D:2)
  A necrophage (D:3)
  A gnoll bouda (D:4)
  5 gnolls (D:4)
  4 adders
  2 worms
  2 dart slugs
  6 orcs
  7 bats
  9 endoplasms
  5 giant cockroaches
  4 hobgoblins
  4 kobolds
  6 quokkas
  5 ball pythons (D:1)
  5 frilled lizards
  5 goblins
  2 rats
74 creatures vanquished.

Notes
Turn   | Place    | Note
-------+----------+-------------------------------------------
     0 | D:1      | Firos the Hill Orc Monk began the quest for the Orb.
     0 | D:1      | Reached XP level 1. HP: 19/19 MP: 1/1
   154 | D:1      | Reached XP level 2. HP: 21/27 MP: 2/2
   490 | D:1      | Reached skill level 1 in Armour
   603 | D:1      | Reached XP level 3. HP: 27/33 MP: 3/3
   697 | D:1      | Reached skill level 4 in Polearms
   940 | D:2      | Found a faded altar of an unknown god.
  1500 | D:2      | Noticed Sigmund
  1705 | D:3      | Reached XP level 4. HP: 35/40 MP: 4/4
  2095 | D:2      | Killed Sigmund
  2096 | D:2      | Reached skill level 5 in Fighting
  2096 | D:2      | Reached skill level 5 in Polearms
  2096 | D:2      | Reached XP level 5. HP: 19/48 MP: 5/5
  2096 | D:2      | Reached XP level 6. HP: 23/56 MP: 6/6
  2754 | D:3      | Found an ornate altar of the Wu Jian Council.
  2822 | D:4      | Noticed Grinder
  2892 | D:4      | Paralysed by Grinder for 2 turns
  3004 | D:4      | HP: 2/56 [spore (33)]
  3005 | D:4      | Reached skill level 6 in Polearms
  3596 | D:4      | Slain by an ogre

Illustrated notes

Levels and vault maps discovered:
D:1:      tarquinn_simple_flora_water_c, layout_loops_ring
D:2:      minmay_alternating_diamond, layout_rooms,
          nicolae_ecumenical_oubliette, minmay_fountain_box, uniq_sigmund
D:3:      layout_rooms, mainiacjoe_overflow_brackets
D:4:      layout_cave_pools, uniq_grinder

Skill      XL: |  1  2  3  4  5  6 |
---------------+-------------------+-----
Armour         | 1 2 3 |  3.5
Fighting       | 4 5 |  5.4
Polearms       | 4 5 6 |  6.3
Dodging        | |  2.4
Stealth        | |  1.5

Action                   |  1- 3 |  4- 6 || total
-------------------------+-------+-------++-------
Melee: Spear             |   171 |   195 ||   366
       Punch             |     2 |     6 ||     8
Throw: Dart              |       |     5 ||     5
  Use: Potion            |       |     2 ||     2
       Scroll            |       |    12 ||    12
 Stab: Sleeping          |     4 |       ||     4
       Distracted        |     1 |       ||     1
       Invisible         |       |     3 ||     3
Armor: Robe              |     9 |       ||     9
       Leather armour    |    13 |       ||    13
       Chain mail        |    47 |    78 ||   125
Dodge: Dodged            |    88 |    46 ||   134
